 Dungeon Crawl Stone Soup version 0.22.1-1-ga44c0e56f4 (webtiles) character file.

266 Nixze the Sneak (level 6, -2/28 HPs)
             Began as a Spriggan Enchanter on Nov 3, 2018.
             Slain by a gnoll
             ... wielding a +1 halberd of flaming
              (5 damage)
             ... on level 3 of the Dungeon.
             The game lasted 00:08:36 (2878 turns).

Nixze the Sneak (Spriggan Enchanter)                Turns: 2878, Time: 00:08:37

Health: -2/28      AC:  2    Str:  4    XL:     6   Next: 0%
Magic:  2/14       EV: 18    Int: 18    God:
Gold:   88         SH:  0    Dex: 17    Spells: 8/14 levels left

rFire    . . .     SeeInvis +   j - +2 dagger (elec)
rCold    . . .     Gourm    .   (shield restricted)
rNeg     . . .     Faith    .   b - +0 robe
rPois    .         Spirit   .   (helmet restricted)
rElec    .         Reflect  .   (no cloak)
rCorr    .         Harm     .   (gloves unavailable)
MR       +....                  (boots unavailable)
Stlth    +++.......             (no amulet)
HPRegen  0.09/turn              (no ring)
MPRegen  0.14/turn              (no ring)

@: very quick
A: very small, unfitting armour, see invisible, herbivore, speed 3, slow
metabolism 2
a: no special abilities


You were on level 3 of the Dungeon.
You were not hungry.

You visited 1 branch of the dungeon, and saw 3 of its levels.

You collected 88 gold pieces.

Inventory:

Hand Weapons
 j - a +2 dagger of electrocution (weapon)
Armour
 b - a +0 robe (worn)
Scrolls
 e - a scroll of fear {unknown}
 h - a scroll of identify {unknown}
 i - a scroll of amnesia {unknown}
 l - a scroll of random uselessness {unknown}
Potions
 a - a potion of flight {unknown}
 c - a potion of haste
 f - 2 potions of mutation {unknown}
 g - 2 potions of heal wounds {unknown}
 k - a potion of lignification {unknown}
Comestibles
 d - 5 rations


   Skills:
 + Level 2.6 Short Blades
 - Level 3.0 Dodging
 + Level 5.8 Stealth
 * Level 4.7 Spellcasting
 * Level 5.3 Hexes
 + Level 1.2 Ice Magic


You had 8 spell levels left.
You knew the following spells:

 Your Spells              Type           Power        Failure   Level  Hunger
a - Corona                Hex            ###....      1%          1    None
b - Ensorcelled Hibernat  Hex/Ice        ###...       5%          2    #......
c - Confuse               Hex            ###.....     4%          3    ###....

Your spell library contained the following spells:

 Spells                   Type           Power        Failure   Level  Hunger
 Tukima's Dance           Hex            ###.....     4%          3    ###....
 Dazzling Spray           Conj/Hex       ##....       14%         3    ###....


Dungeon Overview and Level Annotations

Branches:
Dungeon (3/15)

Altars:


Innate Abilities, Weirdness & Mutations

You are very small and have problems with some larger weapons.
You are too small for most types of armour.
You have supernaturally acute eyesight. (SInv)
You are a herbivore.
You cover ground extremely quickly.
You need to consume almost no food.


Message History

Aiming: Ensorcelled Hibernation (safe; 5% risk of failure)
Press: ? - help, Shift-Dir - straight line, f - gnoll, p - gnoll
Aim: a gnoll, wielding a flail (chance to defeat MR: 55%)
The gnoll is unaffected.
Casting: Ensorcelled Hibernation (safe; 5% risk of failure)
Confirm with . or Enter, or press ? or * to list all spells.
Aiming: Ensorcelled Hibernation (safe; 5% risk of failure)
Press: ? - help, Shift-Dir - straight line, f/p - gnoll
Aim: a gnoll, wielding a flail (chance to defeat MR: 55%)
The gnoll is unaffected.
The gnoll closely misses you.
Casting: Ensorcelled Hibernation (safe; 5% risk of failure)
Confirm with . or Enter, or press ? or * to list all spells.
Aiming: Ensorcelled Hibernation (safe; 5% risk of failure)
Press: ? - help, Shift-Dir - straight line, f/p - gnoll
Aim: a gnoll, wielding a flail (chance to defeat MR: 55%)
The gnoll is unaffected.
The gnoll hits you with a halberd of flaming!
* * * LOW HITPOINT WARNING * * *
The gnoll burns you.
You die...

#....#.#†........+
#....#.######....#
#....#.........###
#....#.........####
#...........>.).....
##<#.#[######+###...
#.#.#.# .# ##
#.#.#†######.# #
#.#.#.@ggorr.##...#
..#.######g.......#
..#......+.....g...
..#.######........#
...#<.............?≈
########..S..###≈
......# #.....#
.......


You could see 3 gnolls, an orc and 2 rats.

Vanquished Creatures
  An ogre (D:2)
  Natasha (thrice) (D:2)
  A gnoll (D:3)
  4 adders
  A worm (D:2)
  A leopard gecko (D:1)
  2 orcs (D:3)
  5 giant cockroaches
  9 goblins
  6 hobgoblins
  4 jackals
  3 kobolds
  6 bats
  2 frilled lizards (D:2)
  8 rats
56 creatures vanquished.

Notes
Turn   | Place    | Note
-------+----------+-------------------------------------------
     0 | D:1      | Nixze the Spriggan Enchanter began the quest for the Orb.
     0 | D:1      | Reached XP level 1. HP: 9/9 MP: 5/5
   329 | D:1      | Reached XP level 2. HP: 5/13 MP: 4/7
  1083 | D:1      | Learned a level 2 spell: Ensorcelled Hibernation
  1435 | D:2      | Reached XP level 3. HP: 16/16 MP: 8/8
  1680 | D:2      | Reached skill level 5 in Stealth
  2012 | D:2      | Noticed Natasha
  2015 | D:2      | Reached XP level 4. HP: 21/21 MP: 5/10
  2066 | D:2      | Killed Natasha
  2120 | D:2      | Learned a level 3 spell: Confuse
  2212 | D:2      | Noticed an ogre
  2219 | D:2      | Killed an ogre
  2219 | D:2      | Reached skill level 5 in Hexes
  2219 | D:2      | Reached skill level 1 in Ice Magic
  2219 | D:2      | Reached XP level 5. HP: 24/24 MP: 6/12
  2309 | D:2      | Noticed Natasha
  2318 | D:2      | Killed Natasha
  2532 | D:2      | Noticed Natasha
  2541 | D:2      | Killed Natasha
  2873 | D:3      | Reached XP level 6. HP: 28/28 MP: 9/14
  2878 | D:3      | Slain by a gnoll

Skill      XL: |  1  2  3  4 |
---------------+-------------+-----
Spellcasting   | 3 4 |  4.7
Hexes          | 4 5 |  5.3
Stealth        | 5 |  5.8
Short Blades   | 2 |  2.6
Ice Magic      | 1 |  1.2
Dodging        | |  3.0

Action                   |  1- 3 |  4- 6 || total
-------------------------+-------+-------++-------
Melee: Dagger            |   142 |    25 ||   167
 Cast: Corona            |    15 |       ||    15
       Ensorcelled Hiber |    16 |    24 ||    40
 Stab: Sleeping          |    18 |    13 ||    31
       Distracted        |     1 |       ||     1
  Eat: Ration            |       |     2 ||     2
Armor: Robe              |    22 |     3 ||    25
Dodge: Dodged            |   140 |    15 ||   155
